 Dungeon Crawl Stone Soup version 0.31-a0-259-g771a54ca4b (webtiles) character file.

Game seed: 5399753841407492627

62 qw the Shooter (level 3, -4/30 HPs)
             Began as a Minotaur Hexslinger on July 13, 2023.
             Slain by Grinder (6 damage)
             ... on level 3 of the Dungeon.
             The game lasted 00:00:35 (1573 turns).

qw the Shooter (Minotaur Hexslinger)                Turns: 1573, Time: 00:00:35

Health: -4/30      AC:  4    Str: 12    XL:     3   Next: 85%
Magic:  3/3        EV: 12    Int: 10    God:
Gold:   61         SH:  0    Dex: 14    Spells: 3/4 levels left

rFire   . . .        Y - +1 sling
rCold   . . .        (no shield)
rNeg    . . .        k - +0 leather armour
rPois   .            (helmet restricted)
rElec   .            (no cloak)
rCorr   .            j - +0 pair of gloves
SInv    +            (no boots)
Will    .....        c - amulet of faith
Stlth   +            (no ring)
HPRegen 0.25/turn    (no ring)
MPRegen 0.08/turn

%: faith
@: about to teleport
A: horns 2, retaliatory headbutt, see invisible
a: no special abilities


You were on level 3 of the Dungeon.
You visited 1 branch of the dungeon, and saw 3 of its levels.

You collected 61 gold pieces.


Innate Abilities, Weirdness & Mutations

You have a pair of horns on your head.
You reflexively headbutt those who attack you in melee.
You have supernaturally acute eyesight. (SInv)


   Skills:
 - Level 2.5 Fighting
 + Level 4.1 Ranged Weapons
 - Level 2.1 Dodging
 - Level 1.0 Spellcasting
 - Level 2.0 Hexes


You had 3 spell levels left.
You knew the following spells:

 Your Spells              Type           Power      Damage    Failure   Level
a - Slow                  Hex            16%        N/A       19%         1

Your spell library contained the following spells:

 Spells                   Type           Power      Damage    Failure   Level
 Inner Flame              Hex/Fire       2%         N/A       65%         3
 Portal Projectile        Hex/Tloc       4%         N/A       65%         3
 Cause Fear               Hex            2%         N/A       88%         4

Inventory:

Hand Weapons
 Y - a +1 sling (weapon)
Armour
 j - a +0 pair of gloves (worn)
 k - a +0 leather armour (worn)
Jewellery
 c - an amulet of faith (around neck)
Scrolls
 a - a scroll of teleportation
 h - 3 scrolls of identify
Potions
 b - a potion of heal wounds
 g - a potion of enlightenment
 i - a potion of mutation
 m - a potion of curing

Dungeon Overview and Level Annotations

Branches:
Dungeon (3/15)

Altars:

Annotations:
D:3 Grinder


Message History

You shoot a sling bullet. The sling bullet misses the goblin.
You shoot a sling bullet. The sling bullet hits the goblin.
You kill the goblin!
Grinder comes into view.
Grinder shouts!
You shoot a sling bullet. The sling bullet hits Grinder.
Grinder is lightly wounded.
You shoot a sling bullet. The sling bullet hits Grinder.
Grinder is lightly wounded.
You shoot a sling bullet. The sling bullet hits Grinder.
Grinder is lightly wounded.
Grinder gestures at you. Pain shoots through your body!
You shoot a sling bullet.
The sling bullet closely misses Grinder.
Grinder gestures at you.
You barely resist. You shoot a sling bullet.
The sling bullet completely misses Grinder.
You shoot a sling bullet. The sling bullet hits Grinder.
Grinder is moderately wounded.
You shoot a sling bullet.
The sling bullet hits Grinder but does no damage.
Grinder is moderately wounded.
Grinder gestures at you. Pain shoots through your body!
You shoot a sling bullet. The sling bullet hits Grinder.
Grinder is moderately wounded.
You shoot a sling bullet. The sling bullet barely misses Grinder.
Grinder gestures at you. You resist with significant effort. Grinder hits you.
You shoot a sling bullet. The sling bullet hits Grinder.
Grinder is moderately wounded.
Grinder hits you.
You writhe in agony.
1573 ||| READING 2 scrolls of teleportation.
As you read the scroll of teleportation, it crumbles to dust.
You feel strangely unstable.
Grinder says, "There's only one good use for a tongue: cutting it out."
Grinder hits you.
You writhe in agony.
You die...

#. .# .# #. ..#.
.#. ####+# . ..
#....# ... #.
#.##.#
#...#5###.##.#
#..%..@......#
#.).#####....####.#
... #.##.<....# .
#.##.####.# #.##.#
#.##.# #.##..
######


You could see Grinder.

Vanquished Creatures
  3 adders (D:2)
  2 worms (D:2)
  3 ball pythons
  A bat (D:2)
  An endoplasm (D:1)
  A giant cockroach (D:1)
  3 goblins
  4 hobgoblins
  3 kobolds
  2 quokkas
  4 frilled lizards
  4 rats
31 creatures vanquished.

Notes
Turn   | Place    | Note
-------+----------+-------------------------------------------
     0 | D:1      | qw the Minotaur Hexslinger began the quest for the Orb.
     0 | D:1      | Reached XP level 1. HP: 16/16 MP: 1/1
     0 | D:1      | 0 ||| qw: Version: 0.3-a-52-g30416fa
     0 | D:1      | 0 ||| qw: Game counter: 6929
     0 | D:1      | 0 ||| qw: Melee chars always use a shield: true
     0 | D:1      | 0 ||| qw: God list: Okawaru
     0 | D:1      | 0 ||| qw: Allow faded altars: false
     0 | D:1      | 0 ||| qw: Do Orc after clearing Dungeon:15 true
     0 | D:1      | 0 ||| qw: Do second Lair branch before Depths: true
     0 | D:1      | 0 ||| qw: Lair rune preference: random
     0 | D:1      | 0 ||| qw: Goals: Normal
     0 | D:1      | 0 ||| PLANNING D:1-11
   222 | D:1      | Reached skill level 3 in Ranged Weapons
   250 | D:1      | Reached XP level 2. HP: 23/23 MP: 2/2
   705 | D:1      | 705 ||| UPGRADING to +0 pair of gloves.
   710 | D:1      | 710 ||| UPGRADING to +0 leather armour.
   720 | D:1      | 720 ||| DROPPING +0 robe.
   721 | D:1      | 721 ||| READING 2 scrolls labelled KAFFOG MEYLI.
   725 | D:1      | 725 ||| READING 2 scrolls labelled UCUCOCV OHYBY.
   726 | D:1      | 726 ||| READING 4 scrolls labelled HIT KUPLAOCS.
   727 | D:1      | 727 ||| READING scroll labelled ITAEMUHEMP.
   728 | D:1      | 728 ||| DRINKING 2 fizzy pink potions.
   729 | D:1      | 729 ||| DRINKING 2 puce potions.
   729 | D:1      | Gained mutation: You have supernaturally acute eyesight.
                  | (SInv) [potion of mutation]
   730 | D:1      | 730 ||| DRINKING 2 lumpy coppery potions.
   731 | D:1      | 731 ||| READING 3 scrolls of identify.
   731 | D:1      | 731 ||| IDENTIFYING silvery potion
   732 | D:1      | 732 ||| DROPPING scroll of poison.
   733 | D:1      | 733 ||| DROPPING scroll of noise.
   734 | D:1      | 734 ||| DROPPING potion of degeneration.
   827 | D:2      | Reached XP level 3. HP: 29/30 MP: 3/3
  1153 | D:2      | Reached skill level 4 in Ranged Weapons
  1523 | D:2      | 1523 ||| UPGRADING to amulet of faith.
  1528 | D:2      | 1528 ||| READING 4 scrolls of identify.
  1528 | D:2      | 1528 ||| IDENTIFYING green potion
  1562 | D:3      | Noticed Grinder
  1572 | D:3      | HP: 5/30 [Grinder (3)]
  1573 | D:3      | 1573 ||| READING 2 scrolls of teleportation.
  1573 | D:3      | HP: 2/30 [Grinder (3)]
  1573 | D:3      | Slain by Grinder

Levels and vault maps discovered:
D:1:      roderic_crop_circles_arrival_large, layout_basic,
          nicolae_concentric_dashed_squares_wild
D:2:      minmay_door_path, layout_basic
D:3:      layout_basic, nicolae_elyvilon_temple_path,
          shapermc_ecumenical_altar_hornbeckon, uniq_grinder

Skill      XL: |  1  2  3 |
---------------+----------+-----
Ranged Weapons | 3 4 |  4.1
Fighting       | 2 |  2.5
Dodging        | |  2.1
Spellcasting   | |  1.0
Hexes          | |  2.0

Action                     || total
---------------------------++-------
   Fire: Sling             ||   103
    Use: Scroll            ||     7
         Potion            ||     3
 Armour: Leather armour    ||    12
  Dodge: Dodged            ||    28

Table legend:
 A = Non-vault XP
 B = Vault XP
 C = Vault XP percentage of total XP
 D = Non-vault monster count
 E = Vault monster count
 F = Vault count percentage of total count
                 A         B        C        D         E       F
            +---------+---------+-------+---------+---------+-------
      Total |      76 |      13 |  14.6 |      30 |       1 |   3.2
            +---------+---------+-------+---------+---------+-------
        D:1 |      19 |       0 |   0.0 |      11 |       0 |   0.0
        D:2 |      54 |      13 |  19.4 |      17 |       1 |   5.6
        D:3 |       3 |       0 |   0.0 |       2 |       0 |   0.0
            +---------+---------+-------+---------+---------+-------
